Map: Dusk Towers

Players

viOlet - Winner!

  • Race: Zerg Zerg

JimRising

  • Race: Zerg Zerg

Event: DreamHack Open Tours WCS Spring Championship

VOD

Have the link to the VOD?

Description

Time

  • Played on: May 14, 2016, 3:16 p.m.
  • Length: 7:04

All games in this series

Show
View Real Time Build Order
Export as new Build Order

viOlet Zerg - Winner!

Build Orders: Hatch First 

Get SALT Encoding   

  12  0:00  Drone  
  13  0:13  Overlord  
  13  0:17  Drone  
  14  0:32  Drone x2  
  16  0:36  Drone  
  17  0:53  Hatchery  
  17  0:55  Drone  
  17  0:58  Drone  
  18  1:10  Extractor  
  17  1:12  Spawning Pool  
  17  1:16  Drone  
  17  1:18  Drone  
  18  1:29  Drone  
  19  1:39  Overlord  
  19  1:51  Drone  
  20  1:58  Queen  
  22  2:03  Zergling x2  
  22  2:04  Queen  
  22  2:05  Drone  
  26  2:10  Metabolic Boost  
  26  2:16  Drone x2  
  28  2:25  Drone  
  28  2:28  Drone  
  30  2:33  Baneling Nest  
  30  2:35  Drone  
  30  2:45  Hatchery  
  30  2:48  Zergling x2  
  31  2:51  Zergling x2  
  31  2:52  Drone  
  32  2:59  Drone  
  32  3:01  Extractor  
  33  3:08  Drone x3  
  33  3:09  Overlord  
  36  3:13  Overlord  
  36  3:27  Queen, Baneling x2  
  36  3:29  Zergling x6  
  36  3:31  Drone  
  36  3:32  Zergling x2  
  43  3:34  Drone  
  43  3:37  Drone  
  45  3:41  Drone x2  
  45  3:45  Drone  
  45  3:46  Drone  
  49  3:52  Roach Warren  
  48  3:57  Overlord  
  48  3:58  Drone x2  
  50  4:02  Drone  
  50  4:03  Drone  
  50  4:08  Drone  
  50  4:09  Drone x2  
  54  4:16  Overlord x2  
  54  4:33  Roach x5  
  54  4:34  Overlord  
  54  4:36  Roach x2  
  68  4:41  Roach  
  68  4:42  Roach  
  68  4:43  Roach x2  
  75  4:51  Zergling x2  
  76  4:53  Overlord  
  76  4:54  Zergling x12  
  82  5:00  Zergling x4  
  82  5:06  Zergling x4  
  85  5:10  Zergling x2  
  83  5:14  Zergling x8  
  83  5:15  Zergling x2  
  83  5:20  Zergling x12  
  94  5:27  Zergling x2  
  94  5:28  Zergling x2  
  96  5:34  Zergling x2  
  96  5:36  Zergling x2  
  96  5:42  Zergling x2  
  93  5:44  Zergling x2  
  93  5:49  Zergling x6  
  92  5:50  Zergling x2  
  92  5:52  Zergling x2  
  92  5:53  Zergling x2  
  92  5:54  Zergling x4  
  89  5:57  Zergling x8  
  89  6:01  Lair  
  89  6:03  Zergling x4  
  92  6:10  Zergling x2  
  89  6:13  Zergling x2  
  89  6:14  Zergling x2  
  84  6:21  Zergling x2  
  84  6:24  Zergling x8  
  87  6:26  Zergling x6  
  87  6:32  Zergling x6  
  92  6:36  Drone  
  92  6:39  Extractor  
  93  6:47  Zergling x2  
  83  7:02  Extractor  
Show
View Real Time Build Order
Export as new Build Order

JimRising Zerg 

Build Orders: Hatch First 

Get SALT Encoding   

  12  0:00  Drone  
  13  0:12  Overlord  
  13  0:18  Drone  
  14  0:31  Drone x2  
  14  0:34  Drone  
  17  0:51  Hatchery  
  17  0:56  Drone  
  17  1:08  Spawning Pool  
  17  1:11  Drone  
  17  1:15  Extractor  
  17  1:16  Drone  
  17  1:19  Drone  
  18  1:28  Drone  
  19  1:39  Overlord  
  19  1:54  Queen  
  19  1:55  Zergling x2  
  19  2:00  Drone  
  23  2:03  Queen  
  23  2:04  Drone  
  26  2:11  Drone  
  26  2:14  Drone  
  26  2:15  Metabolic Boost  
  28  2:22  Drone  
  29  2:25  Drone  
  30  2:32  Queen  
  30  2:35  Overlord  
  32  2:38  Drone  
  33  2:46  Drone x2  
  35  2:56  Drone  
  35  2:58  Baneling Nest  
  35  3:05  Hatchery  
  33  3:08  Drone  
  33  3:12  Zergling x6  
  37  3:19  Overlord  
  37  3:20  Drone  
  37  3:22  Drone  
  37  3:24  Drone  
  37  3:25  Drone  
  41  3:32  Lair  
  41  3:35  Drone  
  42  3:44  Baneling x2  
  42  3:45  Zergling x2, Baneling  
  42  3:46  Zergling x4  
  42  3:47  Drone x2  
  47  3:51  Extractor  
  47  3:53  Drone x2  
  47  3:54  Drone  
  49  4:03  Overlord, Drone x2  
  49  4:04  Extractor  
  49  4:05  Baneling  
  49  4:09  Overlord  
  50  4:21  Drone x3  
  50  4:23  Extractor  
  52  4:26  Drone x3  
  52  4:31  Drone x4  
  58  4:44  Spire  
  57  4:47  Queen  
  57  4:48  Drone x2  
  57  4:50  Drone  
  57  4:51  Drone x2  
  64  4:55  Spine Crawler  
  64  4:56  Overlord  
  62  5:07  Drone x2  
  62  5:08  Spine Crawler  
  62  5:14  Zergling x2  
  62  5:16  Spine Crawler x2  
  62  5:17  Spine Crawler  
  62  5:19  Spine Crawler  
  59  5:24  Spine Crawler, Baneling x2  
  59  5:25  Spine Crawler, Baneling x4  
  57  5:30  Zergling x6  
  57  5:33  Spine Crawler  
  57  5:34  Zergling x4  
  62  5:38  Zergling x4  
  62  5:42  Zergling x6  
  64  5:49  Zergling x4  
  60  5:52  Zergling x10  
  60  5:55  Zergling x4  
  65  5:57  Zergling x2  
  65  6:02  Zergling x8  
  63  6:07  Mutalisk x2  
  63  6:09  Zergling x4  
  65  6:12  Zergling x2  
  65  6:13  Mutalisk  
  65  6:16  Mutalisk  
  63  6:20  Mutalisk  
  63  6:22  Mutalisk  
  63  6:25  Mutalisk  
  65  6:30  Mutalisk  
  66  6:32  Mutalisk  

Tags
 
Add a new tag
Caveats
  • Supply blocks, unpowered buildings, or Contaminate may cause inaccurate times.
  • Supply counts are checked every 10 seconds.